Connexion

PHILADELPHIA Flyers vs CAROLINA Hurricanes

Created - 11 octobre 2023 at 06:00

Goals
1 2 3 T
PHILADELPHIA Flyers 0 1 3 4
CAROLINA Hurricanes 0 1 1 2
Shots
1 2 3 T
PHILADELPHIA Flyers 13 10 14 37
CAROLINA Hurricanes 3 5 9 17

GoalsPenalties
1st period
No Goal
Owen Power (CAR) for Hooking (Minor) at 0:25
Owen Power (CAR) for Roughing (Minor) at 7:05
KAndre Miller (CAR) for Holding (Minor) at 11:41
Nail Yakupov (PHI) for Slashing (Minor) at 11:41
2nd period
1. PHILADELPHIA Flyers , Pavel Buchnevich 11 (Calen Addison 16) at 1:49
2. CAROLINA Hurricanes , Brandon Sutter 10 (James van Riemsdyk 8) at 8:38
Owen Power (CAR) for Interference (Minor) at 6:07
Justin Faulk (PHI) for Holding (Minor) at 6:07
Curtis Lazar (CAR) for Holding (Minor) at 11:47
Tim Stutzle (PHI) for Interference (Minor) at 11:47
3rd period
3. PHILADELPHIA Flyers , Austin Czarnik 13 (Pavel Buchnevich 8) at 5:34
4. PHILADELPHIA Flyers , Calen Addison 2 (Austin Czarnik 15, Jason Zucker 13) at 8:30 (PP)
5. PHILADELPHIA Flyers , Brock McGinn 7 (Alex Pietrangelo 10, Tj Brodie 14) at 12:59 (PP)
6. CAROLINA Hurricanes , Owen Power 1 (Jack Hughes 13, Brett Pesce 15) at 14:29
Brett Pesce (CAR) for Roughing (Minor) at 8:12
Owen Power (CAR) for High sticking (Minor) at 12:33
Goalie Stats
Stuart Skinner (PHI), 15 saves from 17 shots - (0,882), W, 12-9-0, 60:00 minutes
Ilya Samsonov (CAR), 33 saves from 37 shots - (0,892), L, 12-10-0, 60:00 minutes
3 StarsOfficial
1 - Pavel Buchnevich (PHI)
2 - Austin Czarnik (PHI)
3 - Calen Addison (PHI)
Referees : Bill McCreary and Marc Joannette
Linesman : Brad Kovachik and Scott Driscoll
Game Note
No Game Note
Finance
Level 1 -- Attendance: 6000 (100,00%) -- Ticket Income 720 000 $
Level 2 -- Attendance: 4990 (87,85%) -- Ticket Income 349 300 $
Level 3 -- Attendance: 2000 (100,00%) -- Ticket Income 90 000 $
Level 4 -- Attendance: 3425 (85,63%) -- Ticket Income 137 000 $
Luxury Box -- Attendance: 979 (97,90%) -- Ticket Income 205 590 $
Game was played at the RBC Center.
Total Attendance: 17394 (93,12%)
Total Ticket Income: 1 501 890 $
Other Income: 300 378 $
Total Income: 1 802 268 $



Team Name Goals Shots Shots Attemp Shots Blocked PIM HIT PP PK FO%
PHILADELPHIA Flyers 4376926222 / 4 (50%)051%
CAROLINA Hurricanes 21734514200 / 0 (0,00%249%

PHILADELPHIA Flyers
Player Name POS G A P +/- PIM HIT SHT SB MP PP MP PP SHT PK MP PK SHT FO% FOT
Adam LowryC/LW000001002:010:0000:0000% 0
Alex PietrangeloD011-1020026:242:5000:0000% 0
Austin CzarnikC/RW1121016026:042:4210:00049% 35
Brock McGinnLW/RW1010012018:591:5810:0000% 1
Brock NelsonC000-1002013:090:0000:00050% 14
Calen AddisonD1121001020:231:5010:0000% 0
Jakob SilfverbergLW/RW0000016019:012:0010:00050% 2
Jason ZuckerLW/RW0111048121:262:4220:00067% 3
Joe VelenoC000000101:290:0200:000100% 2
Justin FaulkD0001220119:241:5200:0000% 0
Kasperi KapanenLW/RW000-1012013:090:0000:0000% 1
Matt RoyD0000000013:110:0000:0000% 0
Nail YakupovRW000-1200013:080:0000:000100% 1
Olli MaattaD0000021014:130:0200:0000% 0
Pavel BuchnevichLW/RW1121022021:262:4200:0000% 2
Sean MonahanC0000035022:092:0010:00056% 32
Tim StutzleC/LW000020002:000:0000:00033% 3
Tj BrodieD011-1021026:242:5000:0000% 0
CAROLINA Hurricanes
Player Name POS G A P +/- PIM HIT SHT SB MP PP MP PP SHT PK MP PK SHT FO% FOT
Alexandre TexierC/LW000000001:560:0000:0000% 0
Ben HuttonD0001000014:360:0002:0600% 0
Blake LizotteC000000000:240:0000:0000% 1
Blake WheelerLW/RW0000011112:190:0000:000100% 1
Brandon SutterC/RW1010001016:510:0000:00075% 4
Brett PesceD0110210126:330:0002:2000% 0
Cam YorkD0001002114:120:0000:0000% 0
Connor DewarC000002101:560:0000:00020% 5
Curtis LazarC/LW/RW0000211012:180:0000:00044% 16
Esa LindellD000-1040121:100:0002:3600% 0
Jack HughesC0110001026:030:0003:01058% 36
James van RiemsdykLW/RW0110001016:510:0000:000100% 2
KAndre MillerD000-1221019:290:0002:0400% 0
Marcus JohanssonC/LW/RW0000000024:070:0003:0100% 1
Owen PowerD1010851023:540:0000:1800% 0
Pontus AbergLW/RW0000005012:430:0000:00050% 2
Tyler MotteC/LW/RW0000032121:140:0001:41043% 23
Wayne SimmondsLW/RW0000010022:380:0001:41020% 5



Play-by-Play

1st period


0:01 of 1st period - Austin Czarnik wins face-off versus Jack Hughes in neutral zone.
0:25 of 1st period - Minor Penalty to Owen Power for Hooking.
0:26 of 1st period - Jack Hughes wins face-off versus Sean Monahan in CAROLINA Hurricanes zone.
0:49 of 1st period - Shot by Sean Monahan.
0:49 of 1st period - Shot Blocked by Esa Lindell.
0:51 of 1st period - Shot by Calen Addison.
0:51 of 1st period - Shot Misses the Net.
0:53 of 1st period - Shot by Sean Monahan.
0:53 of 1st period - Shot Misses the Net.
3:14 of 1st period - Icing by Kasperi Kapanen.
3:15 of 1st period - Connor Dewar wins face-off versus Brock Nelson in PHILADELPHIA Flyers zone.
3:15 of 1st period - Jack Hughes is hit by Olli Maatta and loses puck.
3:38 of 1st period - Shot by Brett Pesce.
3:38 of 1st period - Shot Misses the Net.
3:40 of 1st period - Shot by Connor Dewar.
3:40 of 1st period - Stopped by Stuart Skinner without a rebound.
3:41 of 1st period - Brandon Sutter wins face-off versus Brock McGinn in PHILADELPHIA Flyers zone.
4:31 of 1st period - Icing by KAndre Miller.
4:32 of 1st period - Jason Zucker wins face-off versus Tyler Motte in CAROLINA Hurricanes zone.
5:07 of 1st period - Jack Hughes is hit by Jason Zucker and loses puck.
5:36 of 1st period - Shot by Brock Nelson.
5:36 of 1st period - Stopped by Ilya Samsonov without a rebound.
5:37 of 1st period - Curtis Lazar wins face-off versus Sean Monahan in CAROLINA Hurricanes zone.
6:00 of 1st period - Shot by Curtis Lazar.
6:00 of 1st period - Deflect By Pontus Aberg.
6:00 of 1st period - Stopped by Stuart Skinner without a rebound.
6:01 of 1st period - Nail Yakupov wins face-off versus Tyler Motte in PHILADELPHIA Flyers zone.
6:19 of 1st period - Icing by Esa Lindell.
6:20 of 1st period - Tyler Motte wins face-off versus Pavel Buchnevich in CAROLINA Hurricanes zone.
6:44 of 1st period - Shot by Brandon Sutter.
6:44 of 1st period - Shot Misses the Net.
6:46 of 1st period - Shot by KAndre Miller.
6:46 of 1st period - Stopped by Stuart Skinner without a rebound.
6:47 of 1st period - Jack Hughes wins face-off versus Sean Monahan in PHILADELPHIA Flyers zone.
6:59 of 1st period - Jack Hughes is hit by Sean Monahan and loses puck.
7:05 of 1st period - Minor Penalty to Owen Power for Roughing.
7:06 of 1st period - Jack Hughes wins face-off versus Jason Zucker in CAROLINA Hurricanes zone.
7:06 of 1st period - Jack Hughes is hit by Pavel Buchnevich.
7:40 of 1st period - Shot by Tj Brodie.
7:40 of 1st period - Shot Misses the Net.
7:42 of 1st period - Shot by Austin Czarnik.
7:42 of 1st period - Stopped by Ilya Samsonov with a rebound.
7:44 of 1st period - Shot by Jason Zucker.
7:44 of 1st period - Stopped by Ilya Samsonov with a rebound.
7:46 of 1st period - Shot by Jason Zucker.
7:46 of 1st period - Stopped by Ilya Samsonov without a rebound.
7:47 of 1st period - Sean Monahan wins face-off versus Wayne Simmonds in CAROLINA Hurricanes zone.
7:50 of 1st period - Shot by Brock McGinn.
7:50 of 1st period - Deflect By Jakob Silfverberg.
7:50 of 1st period - Shot Misses the Net.
7:52 of 1st period - Shot by Jakob Silfverberg.
7:52 of 1st period - Stopped by Ilya Samsonov with a rebound.
8:08 of 1st period - Shot by Sean Monahan.
8:08 of 1st period - Stopped by Ilya Samsonov without a rebound.
8:09 of 1st period - Jack Hughes wins face-off versus Austin Czarnik in CAROLINA Hurricanes zone.
8:43 of 1st period - Icing by Tj Brodie.
8:44 of 1st period - Austin Czarnik wins face-off versus Wayne Simmonds in PHILADELPHIA Flyers zone.
8:54 of 1st period - Icing by Tj Brodie.
8:55 of 1st period - Jack Hughes wins face-off versus Austin Czarnik in PHILADELPHIA Flyers zone.
9:01 of 1st period - Off-side.
9:02 of 1st period - Sean Monahan wins face-off versus Marcus Johansson in neutral zone.
9:24 of 1st period - Shot by Kasperi Kapanen.
9:24 of 1st period - Shot Blocked by Tyler Motte.
9:26 of 1st period - Shot by Kasperi Kapanen.
9:26 of 1st period - Stopped by Ilya Samsonov without a rebound.
9:27 of 1st period - Sean Monahan wins face-off versus Curtis Lazar in CAROLINA Hurricanes zone.
9:27 of 1st period - Sean Monahan is hit by Owen Power.
9:38 of 1st period - Off-side.
9:39 of 1st period - Jack Hughes wins face-off versus Austin Czarnik in neutral zone.
9:49 of 1st period - Icing by Alex Pietrangelo.
9:50 of 1st period - Austin Czarnik wins face-off versus Tyler Motte in PHILADELPHIA Flyers zone.
10:01 of 1st period - Shot by Austin Czarnik.
10:01 of 1st period - Stopped by Ilya Samsonov without a rebound.
10:02 of 1st period - Sean Monahan wins face-off versus Jack Hughes in CAROLINA Hurricanes zone.
10:05 of 1st period - Shot by Sean Monahan.
10:05 of 1st period - Stopped by Ilya Samsonov without a rebound.
10:06 of 1st period - Austin Czarnik wins face-off versus Jack Hughes in CAROLINA Hurricanes zone.
10:12 of 1st period - Icing by Jack Hughes.
10:13 of 1st period - Jack Hughes wins face-off versus Austin Czarnik in CAROLINA Hurricanes zone.
10:57 of 1st period - Icing by Owen Power.
10:58 of 1st period - Jack Hughes wins face-off versus Sean Monahan in CAROLINA Hurricanes zone.
11:28 of 1st period - Shot by Jakob Silfverberg.
11:28 of 1st period - Stopped by Ilya Samsonov without a rebound.
11:29 of 1st period - Tyler Motte wins face-off versus Brock Nelson in CAROLINA Hurricanes zone.
11:41 of 1st period - Minor Penalty to KAndre Miller for Holding.
11:41 of 1st period - Minor Penalty to Nail Yakupov for Slashing.
11:42 of 1st period - Jack Hughes wins face-off versus Austin Czarnik in CAROLINA Hurricanes zone.
11:42 of 1st period - Jack Hughes is hit by Austin Czarnik.
12:16 of 1st period - Esa Lindell is hit by Sean Monahan and loses puck.
13:16 of 1st period - Icing by Justin Faulk.
13:17 of 1st period - Jason Zucker wins face-off versus Blake Lizotte in PHILADELPHIA Flyers zone.
13:26 of 1st period - Shot by Calen Addison.
13:26 of 1st period - Shot Blocked by Cam York.
13:29 of 1st period - Icing by Cam York.
13:30 of 1st period - Austin Czarnik wins face-off versus Pontus Aberg in CAROLINA Hurricanes zone.
13:44 of 1st period - Icing by Esa Lindell.
13:45 of 1st period - Brock Nelson wins face-off versus Curtis Lazar in CAROLINA Hurricanes zone.
13:54 of 1st period - Shot by Kasperi Kapanen.
13:54 of 1st period - Shot Misses the Net.
14:00 of 1st period - Shot by Kasperi Kapanen.
14:00 of 1st period - Shot Blocked by Blake Wheeler.
15:17 of 1st period - Tyler Motte is hit by Pavel Buchnevich and loses puck.
15:59 of 1st period - Brock McGinn is hit by Owen Power and loses puck.
16:22 of 1st period - Shot by Sean Monahan.
16:22 of 1st period - Shot Hit the Post.
16:40 of 1st period - Shot by Austin Czarnik.
16:40 of 1st period - Stopped by Ilya Samsonov without a rebound.
16:41 of 1st period - Pontus Aberg wins face-off versus Kasperi Kapanen in CAROLINA Hurricanes zone.
17:09 of 1st period - Shot by Pontus Aberg.
17:09 of 1st period - Shot Misses the Net.
17:32 of 1st period - Curtis Lazar is hit by Olli Maatta.
17:54 of 1st period - Shot by Brandon Sutter.
17:54 of 1st period - Deflect By James van Riemsdyk.
17:54 of 1st period - Shot Misses the Net.
18:25 of 1st period - Pavel Buchnevich is hit by Tyler Motte and loses puck.
18:51 of 1st period - Off-side.
18:52 of 1st period - Sean Monahan wins face-off versus Jack Hughes in neutral zone.
18:57 of 1st period - Shot by Brock McGinn.
18:57 of 1st period - Stopped by Ilya Samsonov with a rebound.
19:01 of 1st period - Shot by Sean Monahan.
19:01 of 1st period - Stopped by Ilya Samsonov without a rebound.
19:02 of 1st period - Sean Monahan wins face-off versus Curtis Lazar in CAROLINA Hurricanes zone.
19:12 of 1st period - Sean Monahan is hit by KAndre Miller and loses puck.
19:48 of 1st period - Jakob Silfverberg is hit by Curtis Lazar.
19:55 of 1st period - Icing by Curtis Lazar.
19:56 of 1st period - Curtis Lazar wins face-off versus Brock Nelson in CAROLINA Hurricanes zone.
Goals for this period are 0 for PHILADELPHIA Flyers vs 0 for CAROLINA Hurricanes .
Shots for this period are 13 for PHILADELPHIA Flyers vs 3 for CAROLINA Hurricanes .

2nd period


0:01 of 2nd period - Jack Hughes wins face-off versus Pavel Buchnevich in neutral zone.
0:20 of 2nd period - Austin Czarnik is hit by Owen Power and loses puck.
0:31 of 2nd period - Shot by Austin Czarnik.
0:31 of 2nd period - Deflect By Jason Zucker.
0:31 of 2nd period - Stopped by Ilya Samsonov without a rebound.
0:32 of 2nd period - Sean Monahan wins face-off versus Tyler Motte in CAROLINA Hurricanes zone.
0:32 of 2nd period - Jakob Silfverberg is hit by Esa Lindell and loses puck.
1:01 of 2nd period - Shot by James van Riemsdyk.
1:01 of 2nd period - Shot Misses the Net.
1:30 of 2nd period - Icing by Jack Hughes.
1:31 of 2nd period - Jack Hughes wins face-off versus Austin Czarnik in CAROLINA Hurricanes zone.
1:49 of 2nd period - Shot by Pavel Buchnevich.
1:49 of 2nd period - Goal by Pavel Buchnevich - PHILADELPHIA Flyers : 1 - CAROLINA Hurricanes : 0.
1:50 of 2nd period - Blake Wheeler wins face-off versus Brock Nelson in neutral zone.
2:03 of 2nd period - Shot by Cam York.
2:03 of 2nd period - Stopped by Stuart Skinner without a rebound.
2:04 of 2nd period - Austin Czarnik wins face-off versus Jack Hughes in PHILADELPHIA Flyers zone.
2:12 of 2nd period - Off-side.
2:13 of 2nd period - Austin Czarnik wins face-off versus Jack Hughes in neutral zone.
2:17 of 2nd period - Tj Brodie is hit by Owen Power and loses puck.
2:36 of 2nd period - Shot by Jason Zucker.
2:36 of 2nd period - Shot Misses the Net.
2:42 of 2nd period - Shot by Jason Zucker.
2:42 of 2nd period - Stopped by Ilya Samsonov without a rebound.
2:43 of 2nd period - Tyler Motte wins face-off versus Sean Monahan in CAROLINA Hurricanes zone.
2:45 of 2nd period - Icing by James van Riemsdyk.
2:46 of 2nd period - Tyler Motte wins face-off versus Sean Monahan in CAROLINA Hurricanes zone.
3:17 of 2nd period - Shot by Jakob Silfverberg.
3:17 of 2nd period - Shot Misses the Net.
3:19 of 2nd period - Shot by Sean Monahan.
3:19 of 2nd period - Stopped by Ilya Samsonov without a rebound.
3:20 of 2nd period - Austin Czarnik wins face-off versus Jack Hughes in CAROLINA Hurricanes zone.
3:30 of 2nd period - Icing by Brett Pesce.
3:31 of 2nd period - Jack Hughes wins face-off versus Tim Stutzle in CAROLINA Hurricanes zone.
4:21 of 2nd period - Icing by Alex Pietrangelo.
4:22 of 2nd period - Tim Stutzle wins face-off versus Tyler Motte in PHILADELPHIA Flyers zone.
4:49 of 2nd period - Off-side.
4:50 of 2nd period - Sean Monahan wins face-off versus Curtis Lazar in neutral zone.
5:13 of 2nd period - Shot by Pontus Aberg.
5:13 of 2nd period - Stopped by Stuart Skinner without a rebound.
5:14 of 2nd period - Brock Nelson wins face-off versus Jack Hughes in PHILADELPHIA Flyers zone.
5:44 of 2nd period - Shot by Brock Nelson.
5:44 of 2nd period - Shot Misses the Net.
5:46 of 2nd period - Shot by Nail Yakupov.
5:46 of 2nd period - Deflect By Brock Nelson.
5:46 of 2nd period - Shot Misses the Net.
5:50 of 2nd period - Shot by Brock Nelson.
5:50 of 2nd period - Shot Misses the Net.
6:07 of 2nd period - Minor Penalty to Owen Power for Interference.
6:07 of 2nd period - Minor Penalty to Justin Faulk for Holding.
6:08 of 2nd period - Jack Hughes wins face-off versus Austin Czarnik in CAROLINA Hurricanes zone.
6:30 of 2nd period - Off-side.
6:31 of 2nd period - Austin Czarnik wins face-off versus Wayne Simmonds in neutral zone.
6:48 of 2nd period - Icing by Tyler Motte.
6:49 of 2nd period - Austin Czarnik wins face-off versus Wayne Simmonds in CAROLINA Hurricanes zone.
8:07 of 2nd period - Icing by Olli Maatta.
8:08 of 2nd period - Brock Nelson wins face-off versus Curtis Lazar in PHILADELPHIA Flyers zone.
8:34 of 2nd period - Icing by Alex Pietrangelo.
8:35 of 2nd period - James van Riemsdyk wins face-off versus Brock Nelson in PHILADELPHIA Flyers zone.
8:38 of 2nd period - Shot by Brandon Sutter.
8:38 of 2nd period - Goal by Brandon Sutter - PHILADELPHIA Flyers : 1 - CAROLINA Hurricanes : 1.
8:39 of 2nd period - Austin Czarnik wins face-off versus Tyler Motte in neutral zone.
8:58 of 2nd period - Shot by Jason Zucker.
8:58 of 2nd period - Shot Misses the Net.
9:04 of 2nd period - Shot by Austin Czarnik.
9:04 of 2nd period - Shot Misses the Net.
9:43 of 2nd period - Icing by Alex Pietrangelo.
9:44 of 2nd period - Jack Hughes wins face-off versus Sean Monahan in PHILADELPHIA Flyers zone.
10:11 of 2nd period - Brett Pesce is hit by Brock McGinn and loses puck.
10:43 of 2nd period - Shot by Kasperi Kapanen.
10:43 of 2nd period - Stopped by Ilya Samsonov with a rebound.
10:47 of 2nd period - Shot by Nail Yakupov.
10:47 of 2nd period - Shot Misses the Net.
11:13 of 2nd period - Shot by Brock Nelson.
11:13 of 2nd period - Stopped by Ilya Samsonov without a rebound.
11:14 of 2nd period - Austin Czarnik wins face-off versus Tyler Motte in CAROLINA Hurricanes zone.
11:35 of 2nd period - Shot by Austin Czarnik.
11:35 of 2nd period - Stopped by Ilya Samsonov without a rebound.
11:36 of 2nd period - Curtis Lazar wins face-off versus Tim Stutzle in CAROLINA Hurricanes zone.
11:36 of 2nd period - Curtis Lazar is hit by Adam Lowry.
11:47 of 2nd period - Minor Penalty to Curtis Lazar for Holding.
11:47 of 2nd period - Minor Penalty to Tim Stutzle for Interference.
11:48 of 2nd period - Austin Czarnik wins face-off versus Jack Hughes in neutral zone.
12:07 of 2nd period - Shot by Austin Czarnik.
12:07 of 2nd period - Shot Hit the Post.
12:17 of 2nd period - Shot by Marcus Johansson.
12:17 of 2nd period - Shot Misses the Net.
12:31 of 2nd period - Owen Power is hit by Sean Monahan and loses puck.
12:55 of 2nd period - Shot by Tyler Motte.
12:55 of 2nd period - Shot Misses the Net.
14:53 of 2nd period - Tyler Motte is hit by Jakob Silfverberg and loses puck.
15:04 of 2nd period - Shot by Olli Maatta.
15:04 of 2nd period - Stopped by Ilya Samsonov without a rebound.
15:05 of 2nd period - Joe Veleno wins face-off versus Connor Dewar in CAROLINA Hurricanes zone.
15:05 of 2nd period - Joe Veleno is hit by Esa Lindell.
15:13 of 2nd period - Shot by Joe Veleno.
15:13 of 2nd period - Stopped by Ilya Samsonov with a rebound.
15:16 of 2nd period - Icing by Connor Dewar.
15:17 of 2nd period - Joe Veleno wins face-off versus Connor Dewar in CAROLINA Hurricanes zone.
15:28 of 2nd period - Jakob Silfverberg is hit by Connor Dewar and loses puck.
15:37 of 2nd period - Icing by Joe Veleno.
15:38 of 2nd period - Tyler Motte wins face-off versus Jakob Silfverberg in PHILADELPHIA Flyers zone.
16:06 of 2nd period - Shot by Tyler Motte.
16:06 of 2nd period - Stopped by Stuart Skinner with a rebound.
17:03 of 2nd period - Shot by Pontus Aberg.
17:03 of 2nd period - Stopped by Stuart Skinner without a rebound.
17:04 of 2nd period - Wayne Simmonds wins face-off versus Austin Czarnik in PHILADELPHIA Flyers zone.
18:09 of 2nd period - Shot by Jakob Silfverberg.
18:09 of 2nd period - Shot Misses the Net.
18:11 of 2nd period - Shot by Sean Monahan.
18:11 of 2nd period - Shot Misses the Net.
18:13 of 2nd period - Shot by Jakob Silfverberg.
18:13 of 2nd period - Shot Misses the Net.
18:19 of 2nd period - Shot by Jakob Silfverberg.
18:19 of 2nd period - Stopped by Ilya Samsonov without a rebound.
18:20 of 2nd period - James van Riemsdyk wins face-off versus Brock Nelson in CAROLINA Hurricanes zone.
18:20 of 2nd period - James van Riemsdyk is hit by Kasperi Kapanen.
19:51 of 2nd period - Icing by Brock McGinn.
19:52 of 2nd period - Sean Monahan wins face-off versus Connor Dewar in PHILADELPHIA Flyers zone.
19:56 of 2nd period - Off-side.
19:57 of 2nd period - Curtis Lazar wins face-off versus Austin Czarnik in neutral zone.
19:57 of 2nd period - Cam York is hit by Jason Zucker and loses puck.
Goals for this period are 1 for PHILADELPHIA Flyers vs 1 for CAROLINA Hurricanes .
Shots for this period are 10 for PHILADELPHIA Flyers vs 5 for CAROLINA Hurricanes .

3rd period


0:01 of 3rd period - Austin Czarnik wins face-off versus Jack Hughes in neutral zone.
0:15 of 3rd period - Austin Czarnik is hit by Brett Pesce and loses puck.
0:18 of 3rd period - Shot by Tj Brodie.
0:18 of 3rd period - Stopped by Ilya Samsonov with a rebound.
0:36 of 3rd period - Shot by Pavel Buchnevich.
0:36 of 3rd period - Shot Hit the Post.
1:15 of 3rd period - Icing by Calen Addison.
1:16 of 3rd period - Sean Monahan wins face-off versus Curtis Lazar in PHILADELPHIA Flyers zone.
1:16 of 3rd period - Sean Monahan is hit by Blake Wheeler.
2:09 of 3rd period - Icing by Jakob Silfverberg.
2:10 of 3rd period - Sean Monahan wins face-off versus Brandon Sutter in PHILADELPHIA Flyers zone.
2:31 of 3rd period - Jason Zucker is hit by Tyler Motte and loses puck.
2:47 of 3rd period - Tyler Motte is hit by Tj Brodie and loses puck.
3:15 of 3rd period - Icing by Brett Pesce.
3:16 of 3rd period - Jack Hughes wins face-off versus Brock Nelson in CAROLINA Hurricanes zone.
4:21 of 3rd period - Shot by Pontus Aberg.
4:21 of 3rd period - Stopped by Stuart Skinner without a rebound.
4:22 of 3rd period - Sean Monahan wins face-off versus Tyler Motte in PHILADELPHIA Flyers zone.
4:22 of 3rd period - Sean Monahan is hit by Tyler Motte.
4:25 of 3rd period - Icing by Brock McGinn.
4:26 of 3rd period - Tyler Motte wins face-off versus Sean Monahan in PHILADELPHIA Flyers zone.
4:29 of 3rd period - Shot by Tyler Motte.
4:29 of 3rd period - Stopped by Stuart Skinner without a rebound.
4:30 of 3rd period - Tyler Motte wins face-off versus Sean Monahan in PHILADELPHIA Flyers zone.
4:47 of 3rd period - Shot by Sean Monahan.
4:47 of 3rd period - Deflect By Brock McGinn.
4:47 of 3rd period - Shot Misses the Net.
5:00 of 3rd period - Icing by Brock McGinn.
5:01 of 3rd period - Curtis Lazar wins face-off versus Sean Monahan in PHILADELPHIA Flyers zone.
5:01 of 3rd period - Curtis Lazar is hit by Alex Pietrangelo.
5:08 of 3rd period - Icing by Tj Brodie.
5:09 of 3rd period - Sean Monahan wins face-off versus Jack Hughes in PHILADELPHIA Flyers zone.
5:24 of 3rd period - Shot by Jakob Silfverberg.
5:24 of 3rd period - Stopped by Ilya Samsonov without a rebound.
5:25 of 3rd period - Austin Czarnik wins face-off versus Tyler Motte in CAROLINA Hurricanes zone.
5:32 of 3rd period - Shot by Pavel Buchnevich.
5:32 of 3rd period - Shot Misses the Net.
5:34 of 3rd period - Shot by Austin Czarnik.
5:34 of 3rd period - Goal by Austin Czarnik - PHILADELPHIA Flyers : 2 - CAROLINA Hurricanes : 1.
5:35 of 3rd period - Jack Hughes wins face-off versus Austin Czarnik in neutral zone.
6:00 of 3rd period - Shot by Pavel Buchnevich.
6:00 of 3rd period - Stopped by Ilya Samsonov without a rebound.
6:01 of 3rd period - Brandon Sutter wins face-off versus Sean Monahan in CAROLINA Hurricanes zone.
6:11 of 3rd period - Icing by Tj Brodie.
6:12 of 3rd period - Sean Monahan wins face-off versus Connor Dewar in PHILADELPHIA Flyers zone.
6:12 of 3rd period - Sean Monahan is hit by Connor Dewar.
6:50 of 3rd period - Off-side.
6:51 of 3rd period - Austin Czarnik wins face-off versus Tyler Motte in neutral zone.
6:56 of 3rd period - Shot by Jason Zucker.
6:56 of 3rd period - Stopped by Ilya Samsonov with a rebound.
6:58 of 3rd period - Shot by Pavel Buchnevich.
6:58 of 3rd period - Shot Misses the Net.
7:00 of 3rd period - Shot by Justin Faulk.
7:00 of 3rd period - Shot Misses the Net.
7:19 of 3rd period - Austin Czarnik is hit by KAndre Miller and loses puck.
7:33 of 3rd period - Austin Czarnik is hit by Esa Lindell and loses puck.
7:45 of 3rd period - Icing by Tyler Motte.
7:46 of 3rd period - Sean Monahan wins face-off versus Tyler Motte in CAROLINA Hurricanes zone.
7:46 of 3rd period - Brock McGinn is hit by Esa Lindell and loses puck.
8:10 of 3rd period - Alex Pietrangelo is hit by Owen Power and loses puck.
8:12 of 3rd period - Minor Penalty to Brett Pesce for Roughing.
8:13 of 3rd period - Jack Hughes wins face-off versus Austin Czarnik in CAROLINA Hurricanes zone.
8:13 of 3rd period - Jack Hughes is hit by Jason Zucker.
8:30 of 3rd period - Shot by Calen Addison.
8:30 of 3rd period - Goal by Calen Addison - PHILADELPHIA Flyers : 3 - CAROLINA Hurricanes : 1.
8:31 of 3rd period - Brock Nelson wins face-off versus Curtis Lazar in neutral zone.
9:14 of 3rd period - Curtis Lazar is hit by Tj Brodie and loses puck.
9:43 of 3rd period - Off-side.
9:44 of 3rd period - Tyler Motte wins face-off versus Sean Monahan in neutral zone.
10:04 of 3rd period - Shot by Brandon Sutter.
10:04 of 3rd period - Deflect By James van Riemsdyk.
10:04 of 3rd period - Stopped by Stuart Skinner without a rebound.
10:05 of 3rd period - Austin Czarnik wins face-off versus Jack Hughes in PHILADELPHIA Flyers zone.
10:16 of 3rd period - Shot by Pavel Buchnevich.
10:16 of 3rd period - Shot Blocked by Brett Pesce.
10:18 of 3rd period - Shot by Jason Zucker.
10:18 of 3rd period - Stopped by Ilya Samsonov without a rebound.
10:19 of 3rd period - Tyler Motte wins face-off versus Sean Monahan in CAROLINA Hurricanes zone.
10:31 of 3rd period - Icing by Olli Maatta.
10:32 of 3rd period - Sean Monahan wins face-off versus Jack Hughes in PHILADELPHIA Flyers zone.
11:07 of 3rd period - Shot by Owen Power.
11:07 of 3rd period - Shot Misses the Net.
11:18 of 3rd period - Off-side.
11:19 of 3rd period - Curtis Lazar wins face-off versus Austin Czarnik in neutral zone.
11:34 of 3rd period - Shot by Pontus Aberg.
11:34 of 3rd period - Shot Blocked by Jason Zucker.
11:36 of 3rd period - Shot by Esa Lindell.
11:36 of 3rd period - Shot Misses the Net.
11:38 of 3rd period - Shot by Pontus Aberg.
11:38 of 3rd period - Shot Blocked by Justin Faulk.
11:40 of 3rd period - Shot by Curtis Lazar.
11:40 of 3rd period - Shot Misses the Net.
11:42 of 3rd period - Shot by Pontus Aberg.
11:42 of 3rd period - Stopped by Stuart Skinner without a rebound.
11:43 of 3rd period - Brock Nelson wins face-off versus Tyler Motte in PHILADELPHIA Flyers zone.
11:59 of 3rd period - Shot by James van Riemsdyk.
11:59 of 3rd period - Shot Misses the Net.
12:09 of 3rd period - Shot by Cam York.
12:09 of 3rd period - Stopped by Stuart Skinner without a rebound.
12:10 of 3rd period - Jack Hughes wins face-off versus Austin Czarnik in PHILADELPHIA Flyers zone.
12:33 of 3rd period - Minor Penalty to Owen Power for High sticking.
12:34 of 3rd period - Sean Monahan wins face-off versus Jack Hughes in CAROLINA Hurricanes zone.
12:59 of 3rd period - Shot by Brock McGinn.
12:59 of 3rd period - Goal by Brock McGinn - PHILADELPHIA Flyers : 4 - CAROLINA Hurricanes : 1.
13:00 of 3rd period - Tyler Motte wins face-off versus Austin Czarnik in neutral zone.
13:22 of 3rd period - Shot by Austin Czarnik.
13:22 of 3rd period - Stopped by Ilya Samsonov without a rebound.
13:23 of 3rd period - Sean Monahan wins face-off versus Curtis Lazar in CAROLINA Hurricanes zone.
13:34 of 3rd period - Shot by Sean Monahan.
13:34 of 3rd period - Stopped by Ilya Samsonov with a rebound.
13:42 of 3rd period - Shot by Blake Wheeler.
13:42 of 3rd period - Shot Misses the Net.
13:44 of 3rd period - Shot by Blake Wheeler.
13:44 of 3rd period - Stopped by Stuart Skinner without a rebound.
13:45 of 3rd period - Jack Hughes wins face-off versus Austin Czarnik in PHILADELPHIA Flyers zone.
13:59 of 3rd period - Jack Hughes is hit by Jason Zucker and loses puck.
14:06 of 3rd period - Austin Czarnik is hit by Wayne Simmonds and loses puck.
14:20 of 3rd period - Jack Hughes is hit by Justin Faulk and loses puck.
14:27 of 3rd period - Shot by Jack Hughes.
14:27 of 3rd period - Shot Misses the Net.
14:29 of 3rd period - Shot by Owen Power.
14:29 of 3rd period - Goal by Owen Power - PHILADELPHIA Flyers : 4 - CAROLINA Hurricanes : 2.
14:30 of 3rd period - Brandon Sutter wins face-off versus Sean Monahan in neutral zone.
14:39 of 3rd period - Shot by Sean Monahan.
14:39 of 3rd period - Shot Hit the Post.
14:59 of 3rd period - Shot by Jakob Silfverberg.
14:59 of 3rd period - Stopped by Ilya Samsonov with a rebound.
15:01 of 3rd period - Shot by Alex Pietrangelo.
15:01 of 3rd period - Shot Misses the Net.
15:03 of 3rd period - Shot by Jakob Silfverberg.
15:03 of 3rd period - Stopped by Ilya Samsonov without a rebound.
15:04 of 3rd period - Brock Nelson wins face-off versus Curtis Lazar in CAROLINA Hurricanes zone.
15:18 of 3rd period - Shot by Curtis Lazar.
15:18 of 3rd period - Stopped by Stuart Skinner without a rebound.
15:19 of 3rd period - Jack Hughes wins face-off versus Austin Czarnik in PHILADELPHIA Flyers zone.
15:19 of 3rd period - Wayne Simmonds is hit by Justin Faulk.
15:25 of 3rd period - Shot by Wayne Simmonds.
15:25 of 3rd period - Deflect By Marcus Johansson.
15:25 of 3rd period - Shot Misses the Net.
15:27 of 3rd period - Shot by Jack Hughes.
15:27 of 3rd period - Stopped by Stuart Skinner without a rebound.
15:28 of 3rd period - Jack Hughes wins face-off versus Austin Czarnik in PHILADELPHIA Flyers zone.
15:33 of 3rd period - Shot by Marcus Johansson.
15:33 of 3rd period - Shot Misses the Net.
15:51 of 3rd period - Shot by Jason Zucker.
15:51 of 3rd period - Stopped by Ilya Samsonov without a rebound.
15:52 of 3rd period - Jakob Silfverberg wins face-off versus Tyler Motte in CAROLINA Hurricanes zone.
16:05 of 3rd period - Shot by Jakob Silfverberg.
16:05 of 3rd period - Shot Misses the Net.
17:08 of 3rd period - Icing by Jason Zucker.
17:09 of 3rd period - Curtis Lazar wins face-off versus Austin Czarnik in PHILADELPHIA Flyers zone.
17:09 of 3rd period - Cam York is hit by Alex Pietrangelo and loses puck.
17:29 of 3rd period - Shot by Austin Czarnik.
17:29 of 3rd period - Deflect By Jason Zucker.
17:29 of 3rd period - Stopped by Ilya Samsonov without a rebound.
17:30 of 3rd period - Brock Nelson wins face-off versus Jack Hughes in CAROLINA Hurricanes zone.
17:44 of 3rd period - Shot by Nail Yakupov.
17:44 of 3rd period - Shot Misses the Net.
Goals for this period are 3 for PHILADELPHIA Flyers vs 1 for CAROLINA Hurricanes .
Shots for this period are 14 for PHILADELPHIA Flyers vs 9 for CAROLINA Hurricanes .